 Dungeon Crawl Stone Soup version 0.28.0-53-g5a82cb258f (webtiles) character file.

Game seed: 12173230638936214327

157 SanguineChosen the Cudgeller (level 5, -4/48 HPs)
             Began as a Minotaur Chaos Knight on June 2, 2022.
             Was an Initiate of Ashenzari.
             Slain by an orc priest
             ... wielding a +0 flail
              (7 damage)
             ... on level 4 of the Dungeon.
             The game lasted 00:18:30 (2051 turns).

SanguineChosen the Cudgeller (MiCK)                 Turns: 2051, Time: 00:18:32

Health: -4/48      AC:  5    Str: 17    XL:     5   Next: 15%
Magic:  4/4        EV: 11    Int:  9    God:    Ashenzari [......]
Gold:   84         SH:  0    Dex: 11    Spells: 4/4 levels left

rFire   . . .      SeeInvis .   s - +4 short sword
rCold   + . .      Faith    .   (no shield)
rNeg    . . .      Spirit   .   b - +2 leather armour
rPois   .          Reflect  .   (helmet restricted)
rElec   .          Harm     .   (no cloak)
rCorr   .          Rampage  .   (no gloves)
Will    .....                   (no boots)
Stlth   +.........              (no amulet)
HPRegen 0.16/turn               k - ring of protection from cold
MPRegen 0.09/turn               (no ring)

@: lethally poisoned (-4 -> -15)
A: horns 2, retaliatory headbutt
a: Renounce Religion, Curse Item


You were on level 4 of the Dungeon.
You worshipped Ashenzari.
Ashenzari was noncommittal.
You visited 1 branch of the dungeon, and saw 4 of its levels.

You collected 84 gold pieces.

Inventory:

Hand Weapons
 a - a +0 mace of chaos
 s - a +4 short sword (weapon)
Armour
 b - a +2 leather armour (worn)
Jewellery
 k - a ring of protection from cold (left hand)
Wands
 q - a wand of charming (5)
Scrolls
 c - a scroll of acquirement {unknown}
 d - 3 scrolls of teleportation {unknown}
 e - a scroll of vulnerability {unknown}
 g - a scroll of amnesia {unknown}
 h - 2 scrolls of blinking {unknown}
 i - 2 scrolls of enchant weapon {unknown}
 l - a scroll of magic mapping {unknown}
 m - a scroll of enchant armour {unknown}
 n - a scroll of identify {unknown}
 o - a scroll of holy word {unknown}
 r - a scroll of torment {unknown}
Potions
 f - a potion of might {unknown}
 p - a potion of curing {unknown}


   Skills:
 + Level 5.0 Fighting
 + Level 5.1 Maces & Flails
 + Level 3.5 Armour
 + Level 2.1 Dodging


You had 4 spell levels left.
You didn't know any spells.
Your spell library contained the following spells:

 Spells                   Type           Power      Damage    Failure   Level
 Freezing Cloud           Conj/Ice/Air   0%         6-21      100%        5
 Simulacrum               Ice/Necr       0%         N/A       100%        6
 Polar Vortex             Ice            0%         N/A       100%        9


Dungeon Overview and Level Annotations

Branches:
Dungeon (4/15)
 Temple: D:4-7

Altars:
Ashenzari
Dithmenos
Gozag

Shops:
D:1 :


Innate Abilities, Weirdness & Mutations

You have a pair of horns on your head.
You reflexively headbutt those who attack you in melee.


Message History

The orc priest mumbles some strange prayers to Beogh against you.
Beogh smites you! The orc barely misses you. x2
The orc wizard barely misses you.
You feel much better. The orc hits you with a +0 falchion.
The orc priest invokes the aid of Beogh against you.
Beogh smites you! The orc closely misses you.
The orc hits you with a +2 dagger of venom.
You are poisoned.
The orc wizard hits you but does no damage.
You hit the orc but do no damage. Your headbutt misses the orc.
You feel sick. The orc closely misses you. The orc priest closely misses you.
The orc misses you. The orc wizard barely misses you.
The orc hits you with a +2 dagger of venom.
You are more poisoned.
You hit the orc priest.
The orc priest is severely wounded.
You feel very sick. The orc barely misses you.
The orc priest closely misses you. The orc hits you with a +0 hand axe.
* * * LOW HITPOINT WARNING * * *
The orc hits you with a +2 dagger of venom.
* * * LOW HITPOINT WARNING * * *
You are more poisoned.
The orc wizard hits you but does no damage.
You closely miss the orc priest.
The orc priest is severely wounded.
* * * LOW HITPOINT WARNING * * *
You feel very sick. The orc hits you with a +0 falchion.
* * * LOW HITPOINT WARNING * * *
The orc priest hits you but does no damage.
The orc barely misses you. The orc closely misses you.
The orc wizard barely misses you. The orc misses you.
You're too confused to move!
You feel less confused.
* * * LOW HITPOINT WARNING * * *
You feel very sick.
The orc priest hits you with a +0 flail!
You die...
Xom chuckles heartily!

### ## ###
#.. .# ...
.. ..
##.##.##.###
...........
#...#.###
#.oo<...#
#.o@o.#.#
#..[o##
#......
#..#.###
....>.
.#..#.##
#.#..#.. #
#.. ##


You could see an orc priest, an orc wizard and 3 orcs.

Vanquished Creatures
  An orc wizard (D:3)
  Ijyb (D:3)
  6 adders
  A worm (D:2)
  A dart slug (D:3)
  4 orcs (D:3)
  A ball python (D:1)
  7 endoplasms
  A giant cockroach (D:2)
  2 goblins
  2 hobgoblins
  4 kobolds (D:1)
  A quokka (D:2)
  6 bats
  2 frilled lizards
  5 rats
45 creatures vanquished.

Notes
Turn   | Place    | Note
-------+----------+-------------------------------------------
     0 | D:1      | SanguineChosen the Minotaur Chaos Knight began the quest
                  | for the Orb.
     0 | D:1      | Reached XP level 1. HP: 19/19 MP: 0/0
   131 | D:1      | Reached XP level 2. HP: 12/27 MP: 1/1
   306 | D:1      | XOM: silly message
   340 | D:1      | Found Kisuh's Book Shoppe.
   401 | D:1      | XOM: silly message
   437 | D:1      | Found a faded altar of an unknown god.
   604 | D:1      | XOM: silly message
   755 | D:2      | Reached XP level 3. HP: 26/33 MP: 2/2
  1121 | D:2      | Found a broken altar of Ashenzari.
  1132 | D:2      | Fell from the grace of Xom
  1132 | D:2      | Became a worshipper of Ashenzari the Shackled
  1263 | D:2      | Reached XP level 4. HP: 38/41 MP: 3/3
  1610 | D:3      | Found a shadowy altar of Dithmenos.
  1621 | D:3      | Found an opulent altar of Gozag.
  1636 | D:3      | Noticed Ijyb
  1647 | D:3      | Killed Ijyb
  1922 | D:3      | Reached skill level 5 in Fighting
  1922 | D:3      | Reached skill level 5 in Maces & Flails
  1922 | D:3      | Reached XP level 5. HP: 34/48 MP: 4/4
  2051 | D:4      | Slain by an orc priest

Illustrated notes

Levels and vault maps discovered:
D:1:      lemuel_arrival_lava_pool, layout_rooms,
          hellmonk_ecumenical_altar_blasted, serial_shops, nicolae_shop_trees,
          minivault_24
D:2:      layout_basic, basic_altar
D:3:      layout_basic, mainiacjoe_overflow_large_starburst, uniq_ijyb
D:4:      layout_basic, uniq_sigmund

Skill      XL: |  1  2  3  4 |
---------------+-------------+-----
Maces & Flails | 4 5 |  5.1
Fighting       | 4 5 |  5.0
Armour         | 3 |  3.5
Dodging        | 2 |  2.1

Action                   |  1- 3 |  4- 6 || total
-------------------------+-------+-------++-------
Melee: Mace              |    56 |    47 ||   103
       Headbutt          |    11 |     5 ||    16
       Punch             |     1 |       ||     1
       Short sword       |       |     9 ||     9
  Use: Potion            |       |     2 ||     2
Armor: Leather armour    |    24 |    23 ||    47
Dodge: Dodged            |    38 |    39 ||    77
